 Dungeon Crawl Stone Soup version 0.23.2-1-ga50397a (webtiles) character file.

Game seed: 5514442957576255161

91 xveg the Slinger (level 4, -1/29 HPs)
             Began as a Halfling Hunter on May 9, 2019.
             Slain by a quokka (2 damage)
             ... on level 2 of the Dungeon.
             The game lasted 00:02:43 (1836 turns).

xveg the Slinger (Halfling Hunter)                  Turns: 1836, Time: 00:02:44

Health: -1/29      AC:  3    Str: 14    XL:     4   Next: 87%
Magic:  4/4        EV: 15    Int:  9    God:
Gold:   59         SH:  0    Dex: 14    Spells: 3/3 levels left

rFire    + . .     SeeInvis .   a - +1 hunting sling (flame)
rCold    + . .     Gourm    .   (shield restricted)
rNeg     . . .     Faith    .   c - +0 leather armour
rPois    +         Spirit   .   (no helmet)
rElec    +         Reflect  .   (no cloak)
rCorr    +         Harm     .   (no gloves)
MR       .....                  (no boots)
Stlth    +.........             (no amulet)
HPRegen  0.09/turn              (no ring)
MPRegen  0.09/turn              (no ring)

@: resistant
A: small, mutation resistance 1
a: no special abilities


You were on level 2 of the Dungeon.
You were hungry.

You visited 1 branch of the dungeon, and saw 3 of its levels.

You collected 59 gold pieces.

Inventory:

Hand Weapons
 a - a +1 hunting sling of flaming (weapon)
 b - a +0 short sword
 l - a +1 hunting sling
Missiles
 g - 16 stones (quivered)
Armour
 c - a +0 leather armour (worn)
 n - a +0 ring mail
Jewellery
 i - an uncursed ring of resist corrosion {unknown}
 m - an uncursed ring of protection from fire {unknown}
 o - an uncursed ring of poison resistance {unknown}
Scrolls
 e - 2 scrolls of identify
 j - a scroll of amnesia {unknown}
 k - a scroll of fear
Comestibles
 f - 6 rations


   Skills:
 + Level 2.0 Fighting
 + Level 8.0 Slings
 + Level 0.4 Armour
 + Level 2.5 Dodging
 + Level 1.1 Stealth


You had 3 spell levels left.
You didn't know any spells.
Your spell library was empty.

Dungeon Overview and Level Annotations

Branches:
Dungeon (3/15)

Altars:
Kikubaaqudgha
Qazlal
Trog
Xom
The Shining One


Innate Abilities, Weirdness & Mutations

You are small and have problems with some larger weapons.
You are somewhat resistant to further mutation.


Message History

You feel protected. The quokka bites you.
* * * LOW HITPOINT WARNING * * *
The orc hits you but does no damage.
Firing (i - inventory)
g - 19 stones (quivered)
Press: ? - help, Shift-Dir - straight line, f/p - orc
Aim: an orc, wielding a +0 hand axe (almost dead)
You shoot a stone. The stone closely misses the orc.
The quokka misses you.
Firing (i - inventory)
g - 18 stones (quivered)
Press: ? - help, Shift-Dir - straight line, f/p - orc
Aim: an orc, wielding a +0 hand axe (almost dead)
You shoot a stone. The stone barely misses the orc.
The orc closely misses you. The quokka completely misses you.
Firing (i - inventory)
g - 17 stones (quivered)
Press: ? - help, Shift-Dir - straight line, f/p - orc
Aim: an orc, wielding a +0 hand axe (almost dead)
You shoot a stone. The stone hits the orc!
The stone burns the orc.
You kill the orc!
The quokka bites you.
You die...

...+.# ####### #.##.#
...#.# #.....# #.##.#
...#.# #.###.# #.##.#
...#.# #.# #.# #.##.#
...#.# #.# #.###.##.#
'###.# #.# #........# .#
#.# #.# ########.#
.###.######.##########.##
....<....(.....)@roo....#
.###.######.#############
.###'######...........#
.#.........##########.#
##.........# #.#
##.........# #.#
...........# #)#
...........# #.#
...#'########## #.#


You could see 2 orcs and a quokka.

Vanquished Creatures
  4 adders (D:2)
  2 worms (D:2)
  A dart slug (D:2)
  2 leopard geckos (D:2)
  2 orcs
  3 bats
  3 giant cockroaches
  5 goblins
  3 hobgoblins
  4 jackals (D:1)
  5 kobolds
  3 ball pythons (D:1)
  A frilled lizard (D:1)
  5 rats
43 creatures vanquished.

Notes
Turn   | Place    | Note
-------+----------+-------------------------------------------
     0 | D:1      | xveg the Halfling Hunter began the quest for the Orb.
     0 | D:1      | Reached XP level 1. HP: 14/14 MP: 1/1
    28 | D:1      | Reached skill level 6 in Slings
    80 | D:1      | Reached XP level 2. HP: 19/19 MP: 2/2
   702 | D:1      | Reached XP level 3. HP: 24/24 MP: 3/3
   707 | D:1      | Reached skill level 7 in Slings
  1242 | D:2      | Found a bloodstained altar of Trog.
  1266 | D:2      | Reached XP level 4. HP: 29/29 MP: 4/4
  1426 | D:2      | Found a hide-covered altar of Uskayaw.
  1428 | D:2      | Found a glowing golden altar of the Shining One.
  1428 | D:2      | Found a shadowy altar of Dithmenos.
  1430 | D:2      | Found an ancient bone altar of Kikubaaqudgha.
  1430 | D:2      | Found a stormy altar of Qazlal.
  1430 | D:2      | Found a shimmering altar of Xom.
  1587 | D:2      | Reached skill level 8 in Slings
  1833 | D:2      | HP: 1/29 [quokka (3)]
  1836 | D:2      | Slain by a quokka

Skill      XL: |  1  2  3  4 |
---------------+-------------+-----
Slings         | 6 7 8 |  8.0
Fighting       | 2 |  2.0
Armour         | |  0.4
Dodging        | |  2.5
Stealth        | |  1.1

Action                   |  1- 3 |  4- 6 || total
-------------------------+-------+-------++-------
 Fire: Hunting sling     |    78 |    37 ||   115
  Use: Scroll            |     5 |       ||     5
       Potion            |       |     1 ||     1
  Eat: Chunk             |       |     2 ||     2
Armor: Leather armour    |     2 |     1 ||     3
Dodge: Dodged            |    13 |    29 ||    42
